Map: Lightshade LE

Players

A.I. 2 (Elite)

  • Race: Terran Terran

Zorohm - Winner!

  • Race: Zerg Zerg
  • League: Diamond

VOD

Have the link to the VOD?

Description

Time

  • Played on: May 27, 2021, 9:06 p.m.
  • Length: 5:26
Show
View Real Time Build Order
Export as new Build Order

A.I. 2 (Elite) Terran 

Build Orders:  

Get SALT Encoding   

  12  0:00  SCV  
  13  0:13  SCV  
  14  0:18  Supply Depot  
  14  0:25  SCV  
  15  0:40  SCV  
  15  0:42  Barracks  
  16  0:52  SCV  
  17  1:04  SCV  
  17  1:10  Refinery  
  18  1:12  Supply Depot  
  18  1:16  SCV  
  19  1:28  SCV, Marine  
  21  1:40  Command Center  
  21  2:03  Barracks  
  21  2:05  SCV  
  21  2:08  Marine  
  23  2:16  Factory  
  23  2:17  SCV  
  23  2:22  Supply Depot  
  24  2:27  Marine  
  24  2:29  SCV  
  26  2:41  SCV  
  27  2:45  Marine  
  28  2:52  Orbital Command  
  28  2:53  SCV  
  29  2:59  Refinery, Factory Tech Lab  
  29  3:09  Orbital Command  
  29  3:11  Marine  
  30  3:14  Marine  
  30  3:19  SCV  
  32  3:29  Marine  
  32  3:31  SCV, Marine  
  35  3:34  SCV  
  35  3:41  Barracks  
  36  3:43  SCV  
  36  3:46  SCV  
  36  3:47  Marine  
  39  3:50  Barracks Tech Lab  
  39  3:56  SCV, Starport  
  39  3:59  SCV  
  41  4:06  Barracks Tech Lab  
  41  4:08  SCV, Marine  
  43  4:11  SCV  
  44  4:17  Supply Depot  
  44  4:20  SCV  
  44  4:23  SCV  
  46  4:24  Marine  
  46  4:26  Marine  
  46  4:27  Marine  
  49  4:32  SCV  
  49  4:33  Medivac  
  52  4:38  SCV  
  52  4:41  Supply Depot  
  52  4:42  Marine  
  52  4:43  Marine  
  52  4:44  SCV  
  52  4:45  Marine  
  56  4:46  Supply Depot  
  56  4:50  SCV  
  54  4:56  SCV  
  43  5:05  Marine  
Show
View Real Time Build Order
Export as new Build Order

Zorohm Zerg - Winner!

Build Orders: Hatch First 

Get SALT Encoding   

  12  0:00  Drone  
  13  0:12  Overlord  
  13  0:18  Drone  
  14  0:30  Drone x2  
  16  0:49  Hatchery  
  15  0:51  Drone  
  15  0:56  Drone  
  17  0:59  Drone  
  18  1:10  Extractor  
  17  1:14  Spawning Pool  
  17  1:17  Drone  
  17  1:21  Drone  
  18  1:28  Drone  
  19  1:38  Overlord  
  19  1:51  Drone  
  20  2:00  Queen  
  22  2:01  Queen  
  22  2:02  Zergling x4  
  26  2:10  Drone  
  26  2:13  Metabolic Boost  
  27  2:17  Drone  
  27  2:22  Drone  
  29  2:23  Drone  
  30  2:37  Hatchery  
  29  2:40  Drone  
  29  2:43  Drone x2  
  32  2:48  Overlord  
  32  2:53  Drone  
  32  2:54  Drone  
  34  3:05  Drone x2  
  35  3:12  Drone x3  
  39  3:14  Drone  
  39  3:16  Extractor  
  39  3:18  Roach Warren  
  38  3:20  Overlord  
  38  3:23  Overlord  
  38  3:27  Overlord  
  38  3:58  Roach  
  38  3:59  Roach x9  
  60  4:03  Roach  
  60  4:07  Roach  
  60  4:09  Overlord  
  62  4:10  Zergling x2  
  62  4:11  Zergling x2  
  62  4:13  Zergling x2  
  62  4:15  Zergling x2  
  66  4:17  Zergling x2  
  66  4:19  Zergling x2  
  66  4:21  Zergling x2  
  66  4:23  Zergling x2  
  70  4:25  Zergling x2  
  70  4:28  Zergling x2  
  70  4:29  Zergling x2  
  70  4:31  Zergling x2  
  74  4:33  Zergling x2  
  74  4:36  Zergling x2  
  76  4:40  Zergling x2  
  76  4:45  Zergling x2, Overlord  
  78  4:49  Ravager x3  
  78  4:51  Zergling x4  
  81  4:59  Zergling x2  
  81  5:00  Zergling x2  
  79  5:07  Zergling x2  
  79  5:08  Zergling x6  
Tags
 
Add a new tag
Caveats
  • Supply blocks, unpowered buildings, or Contaminate may cause inaccurate times.
  • Supply counts are checked every 10 seconds.